 Dungeon Crawl Stone Soup version 0.30-a0-373-gd37427bb62 (webtiles) character file.

Game seed: 4822721370916685149

77 qeuew the Sneak (level 4, -3/21 HPs)
             Began as a Spriggan Enchanter on Nov 24, 2022.
             Slain by Natasha (9 damage)
             ... on level 2 of the Dungeon.
             The game lasted 00:02:45 (1457 turns).

qeuew the Sneak (Spriggan Enchanter)                Turns: 1457, Time: 00:02:45

Health: -3/21      AC:  2    Str:  4    XL:     4   Next: 13%
Magic:  0/10       EV: 18    Int: 16    God:
Gold:   86         SH:  5    Dex: 17    Spells: 2/10 levels left

rFire   . . .      SeeInvis +    a - +1 dagger
rCold   . . .      Faith    .    (no shield)
rNeg    . . .      Spirit   .    b - +0 robe
rPois   .          Reflect  +    (helmet restricted)
rElec   .          Harm     .    (no cloak)
rCorr   .          Rampage  .    (gloves unavailable)
Will    .....                    (boots unavailable)
Stlth   +++.......               d - amulet of reflection
HPRegen 0.23/turn                (no ring)
MPRegen 0.12/turn                (no ring)

@: very slightly contaminated, slowed, invisible, quick
A: very small, no large weapons, unfitting armour, see invisible, speed 3
a: no special abilities


You were on level 2 of the Dungeon.
You visited 1 branch of the dungeon, and saw 2 of its levels.

You collected 86 gold pieces.

Inventory:

Hand Weapons
 a - a +1 dagger (weapon)
Armour
 b - a +0 robe (worn)
Jewellery
 d - an amulet of reflection (around neck)
Scrolls
 e - 3 scrolls of identify
 i - a scroll of fear {unknown}
Potions
 c - a potion of invisibility
 f - a potion of heal wounds
 g - a potion of attraction {unknown}
 h - a potion of might {unknown}
 j - a potion of magic {unknown}


   Skills:
 + Level 1.7 Short Blades
 + Level 3.3 Dodging
 * Level 5.6 Stealth
 * Level 3.8 Spellcasting
 + Level 4.0 Hexes


You had 2 spell levels left.
You knew the following spells:

 Your Spells              Type           Power      Damage    Failure   Level
a - Ensorcelled Hibernat  Hex/Ice        18%        N/A       12%         2
b - Confusing Touch       Hex            16%        N/A       10%         3
c - Tukima's Dance        Hex            16%        N/A       10%         3

Your spell library contained the following spells:

 Spells                   Type           Power      Damage    Failure   Level
 Freeze                   Ice            12%        1d3       17%         1
 Dazzling Flash           Conj/Hex       18%        N/A       22%         3
 Frozen Ramparts          Ice            6%         1d1       45%         3
 Hailstorm                Conj/Ice       3%         3d3       45%         3
 Silence                  Hex/Air        4%         N/A       91%         5
 Agony                    Necr           3%         N/A       99%         5


Dungeon Overview and Level Annotations

Branches:
Dungeon (2/15)

Altars:

Annotations:
D:2 Natasha


Innate Abilities, Weirdness & Mutations

You are very small and have problems with some larger weapons.
You are too small for most types of armour.
You have supernaturally acute eyesight. (SInv)
You cover ground extremely quickly. (Speed+++)


Message History

Natasha barely misses you.
You feel much better. You block the crimson imp's attack.
Natasha casts a spell at you. The magic dart hits you!
You hit Natasha.
Natasha is moderately wounded.
The crimson imp shouts, "Face thy requiem, thou peeagling tip-merry brigand!"
You block the crimson imp's attack. You block Natasha's attack.
The crimson imp completely misses you.
You barely miss Natasha.
Natasha is moderately wounded.
The crimson imp disappears in a puff of smoke!
You block the crimson imp's attack.
Natasha howls an incantation.
Natasha's front paws start to glow.
Natasha mumbles some strange words.
Unknown command.
You hit Natasha.
Natasha is heavily wounded.
The crimson imp closely misses you.
Natasha growls.
Natasha barely misses you.
You hit Natasha but do no damage.
Natasha is moderately wounded.
The crimson imp blinks!
Natasha casts a spell at you.
You feel yourself slow down.
Aiming: Ensorcelled Hibernation (safe; 12% risk of failure)
Press: ? - help, Q - select action Shift-Dir - straight line, f/p - Natasha
Aim: Natasha (moderately wounded, chance to affect: 43%)
You miscast Ensorcelled Hibernation.
Nothing appears to happen.
The crimson imp disappears in a puff of smoke!
Natasha claws you!
* * * LOW HITPOINT WARNING * * *
You hit Natasha.
Natasha is heavily wounded.
Natasha wildly gestures.
Natasha's front paws start to glow.
Natasha claws you!
You die...

#####.##.########....
####..............###.##
......#..#.#####.# ####
...# #..#...###.###### #.(#
#.....).......[.# #..#
#.##.............
#..###.##.#.######....
.#####.......÷..5.......#..
.......)..@§.....########..
######.#..h.........# #..
##<#......#####.# ##..
#..#.#....# #.# #...
####.##.##.#.# #.# ##..
#.......##.#.# #.# #..
#.##.##.##.#.#####.####..
#.##.##.##.#...).........
#.##..........#########.#


You could see Natasha and a white imp (summoned, wandering, unable to see you).

Vanquished Creatures
  Natasha (D:2)
  2 adders (D:2)
  3 ball pythons
  3 bats
  An endoplasm (D:1)
  2 giant cockroaches
  3 hobgoblins
  4 kobolds
  A quokka (D:1)
  2 frilled lizards (D:1)
  7 goblins
  4 rats
33 creatures vanquished.

Notes
Turn   | Place    | Note
-------+----------+-------------------------------------------
     0 | D:1      | qeuew the Spriggan Enchanter began the quest for the Orb.
     0 | D:1      | Reached XP level 1. HP: 9/9 MP: 5/5
   237 | D:1      | Reached XP level 2. HP: 10/13 MP: 7/7
   446 | D:1      | Learned a level 2 spell: Ensorcelled Hibernation
   957 | D:2      | Reached skill level 5 in Stealth
   957 | D:2      | Reached XP level 3. HP: 10/16 MP: 8/8
  1156 | D:2      | Learned a level 3 spell: Confusing Touch
  1241 | D:2      | Noticed Natasha
  1247 | D:2      | Killed Natasha
  1248 | D:2      | Reached XP level 4. HP: 10/21 MP: 7/10
  1252 | D:2      | Learned a level 3 spell: Tukima's Dance
  1421 | D:2      | Noticed Natasha
  1457 | D:2      | Slain by Natasha

Illustrated notes

Levels and vault maps discovered:
D:1:      dpeg_arrival_simpleton_c, layout_basic, serial_forest,
          infiniplex_forest_clump_double, infiniplex_forest_straight_3,
          infiniplex_forest_end_2, infiniplex_forest_clump_tiny,
          infiniplex_forest_end_2, infiniplex_forest_lined_3,
          infiniplex_forest_lined_ring
D:2:      layout_loops_ring, uniq_natasha

Skill      XL: |  1  2  3 |
---------------+----------+-----
Spellcasting   | 3 |  3.8
Dodging        | 3 |  3.3
Stealth        | 5 |  5.6
Hexes          | 4 |  4.0
Short Blades   | |  1.7

Action                   |  1- 3 |  4- 6 || total
-------------------------+-------+-------++-------
Melee: Dagger            |    93 |    24 ||   117
 Cast: Ensorcelled Hiber |     5 |     5 ||    10
  Use: Scroll            |     1 |       ||     1
       Potion            |       |     3 ||     3
 Stab: Sleeping          |     9 |     1 ||    10
       Distracted        |     1 |       ||     1
Armor: Robe              |    15 |       ||    15
Dodge: Dodged            |    49 |    29 ||    78
Block: Other             |     7 |    12 ||    19

Table legend: (Time is in decaauts)
 A = Elapsed time spent in this place.
 B = Non-inter-level travel time spent in this place.
 C = Inter-level travel time spent in this place.
 D = Time resting spent in this place.
 E = Time spent auto-exploring this place.
 F = Levels seen in this place.
 G = Mean time per level.
                   A        B        C        D        E       F      G
               +--------+--------+--------+--------+--------+-----+--------+
         Total |   1031 |   1024 |      7 |      0 |    779 |   2 |  515.5 |
       Dungeon |   1031 |   1024 |      7 |      0 |    779 |   2 |  515.5 |
               +--------+--------+--------+--------+--------+-----+--------+

Top non-repeatable levels by time:
     D:1: 618 daAuts
     D:2: 413 daAuts
